 Dungeon Crawl Stone Soup version 0.24-b1 (webtiles) character file.

Game seed: 10106717822529179585, levelgen mode: deterministic

9065 Heliosone the Fighter (level 11, -3/97 HPs)
             Began as a Demonspawn Gladiator on Oct 12, 2019.
             Was an Initiate of Gozag.
             Slain by an ogre
             ... wielding a +0 giant club
              (10 damage)
             ... on level 10 of the Dungeon.
             The game lasted 00:35:06 (17394 turns).

Heliosone the Fighter (Demonspawn Gladiator)       Turns: 17394, Time: 00:35:06

Health: -3/97      AC: 14    Str: 18    XL:     11   Next: 18%
Magic:  0/11       EV: 14    Int: 10    God:    Gozag
Gold:   2092       SH:  0    Dex: 14    Spells: 10/10 levels left

rFire    + . .     SeeInvis .   S - +2 quarterstaff (chaos)
rCold    x . .     Gourm    .   (shield currently unavailable)
rNeg     . . .     Faith    .   D - +0 scale mail {rPois}
rPois    +         Spirit   +   Y - +1 hat
rElec    .         Reflect  .   T - +0 cloak
rCorr    .         Harm     .   Q - +0 pair of gloves
MR       .....                  (no boots)
Stlth    ..........             (no amulet)
HPRegen  0.26/turn              v - ring of fire
MPRegen  0.24/turn              (no ring)

@: no status effects
A: antennae 2, rugged brown scales 2, demonic guardian 1, magic shield, magic
regeneration
a: Potion Petition, Call Merchant, Bribe Branch, Renounce Religion


You were on level 10 of the Dungeon.
You worshipped Gozag.
Gozag was most pleased with you.
You were not hungry.

You visited 2 branches of the dungeon, and saw 11 of its levels.
You also visited: Ossuary.

You collected 2179 gold pieces.
You paid 87 gold pieces to Gozag.

Inventory:

Hand Weapons
 a - a +0 trident
 S - a +2 quarterstaff of chaos (weapon)
 X - the +4 short sword "Cappyn" {flame, Dex+5}
   (You found it on level 9 of the Dungeon)

   It has been specially enchanted to burn those struck by it, causing extra
   injury to most foes and up to half again as much damage against particularly
   susceptible opponents.
   It affects your dexterity (+5).
Missiles
 d - 2 throwing nets
 A - 64 poisoned darts (quivered)
 E - 15 boomerangs
 F - 2 datura-tipped darts
 P - 8 atropa-tipped darts
Armour
 b - a +0 leather armour
 c - a +0 helmet
 r - a +0 ring mail
 u - a scarf of spirit shield
 D - a +0 scale mail of poison resistance (worn)
 Q - a +0 pair of gloves (worn)
 T - a +0 cloak (worn)
 W - a +2 leather armour of cold resistance
 Y - a +1 hat (worn)
Jewellery
 s - a cursed amulet of inaccuracy {unknown}
 v - a ring of fire (left hand)
 z - a cursed -2 ring of evasion {unknown}
 N - an uncursed amulet of the acrobat {unknown}
 V - an uncursed ring of protection from fire
 Z - an uncursed ring of protection from fire
Wands
 G - a wand of flame (21)
 O - a wand of paralysis (6)
 R - a wand of random effects (17)
Scrolls
 e - 18 scrolls of identify {unknown}
 g - 6 scrolls of teleportation {unknown}
 j - 6 scrolls of enchant weapon {unknown}
 k - 12 scrolls of remove curse {unknown}
 l - a scroll of amnesia {unknown}
 m - a scroll of fear {unknown}
 n - 4 scrolls of noise {unknown}
 q - 3 scrolls of magic mapping {unknown}
 x - 6 scrolls of enchant armour {unknown}
 y - 6 scrolls of random uselessness {unknown}
 B - 3 scrolls of blinking {unknown}
 C - 2 scrolls of fog {unknown}
 J - 3 scrolls of immolation {unknown}
 U - a scroll of summoning {unknown}
Potions
 h - 7 potions of curing {unknown}
 i - 5 potions of agility {unknown}
 o - 9 potions of degeneration {unknown}
 p - 2 potions of mutation {unknown}
 t - 4 potions of lignification {unknown}
 w - 4 potions of brilliance {unknown}
 H - a potion of flight {unknown}
 I - 4 potions of haste {unknown}
 K - a potion of might {unknown}
 L - a potion of magic {unknown}
 M - 3 potions of berserk rage {unknown}
Comestibles
 f - 18 rations


   Skills:
 + Level 11.2 Fighting
 - Level 2.6 Polearms
 - Level 1.7 Throwing
 + Level 10.1 Armour
 + Level 7.6 Dodging


You had 10 spell levels left.
You didn't know any spells.
Your spell library contained the following spells:

 Spells                   Type           Power        Failure   Level  Hunger
 Animate Skeleton         Necr           N/A          67%         1    ##.....
 Flame Tongue             Conj/Fire      #....        67%         1    ##.....
 Pain                     Necr           #...         67%         1    ##.....
 Throw Flame              Conj/Fire      #.....       82%         2    ###....
 Conjure Flame            Conj/Fire      #.......     96%         3    ####...
 Inner Flame              Hex/Fire       #.......     96%         3    ####...
 Regeneration             Chrm/Necr      #.........   96%         3    ####...
 Vampiric Draining        Necr           #.........   96%         3    ####...
 Animate Dead             Necr           N/A          100%        4    #####..
 Sticky Flame             Conj/Fire      #.......     100%        4    #####..
 Fireball                 Conj/Fire      #.........   100%        5    ######.


Dungeon Overview and Level Annotations

Branches:
Dungeon (10/15)            Temple (1/1) D:4            Lair (0/6) D:10
    Orc (0/2) D:10        Ossuary (visited)

Altars:
Ashenzari
Cheibriados
Dithmenos
Elyvilon
Fedhas
Gozag
Hepliaklqana
Kikubaaqudgha
Nemelex Xobeh
Okawaru
Qazlal
Ru
Sif Muna
Trog
Uskayaw
Vehumet
Xom
Yredelemnul
Zin
The Shining One
Jiyva

Annotations:
D:5 2 transporters


Innate Abilities, Weirdness & Mutations

You have a pair of antennae on your head.
You are mostly covered in rugged brown scales. (AC +2, +5% HP)
A weak demonic guardian rushes to your aid.
When hurt, damage is shared between your health and your magic reserves.
You regenerate magic rapidly.


Message History

The ogre hits you with a +0 giant club!!
You sock the ogre! Lightning courses through the ogre!
You kill the ogre!
You sock the orc!
You kill the orc!
You sock the ogre!
The ogre goes berserk!
The ogre is moderately wounded.
The ogre barely misses you. x2
You hit the ogre.
The ogre flickers and vanishes!
Deactivating autopickup; reactivate with Ctrl-A.
Something hits you!!
You sock something! Something hits you but does no damage.
You hit something. You freeze something.
Your white imp disappears in a puff of smoke!
Something barely misses you. Something hits you!!
You closely miss something. Something hits you!!!
* * * LOW HITPOINT WARNING * * *
You closely miss something. Something hits you!
You die...
Your body crumbles into a pile of gold.

# ##.....## ##..###.##........
###.......## ##...# #.# ........
##....[....####....###.###......#
.+.........'...........(...#..
##.......<.####..<.######.......#
##.......## ##.#.# ###.#.##.##
##.....## ###.####.....P###
##...## #####5##P..P.P....##
##+### #o{@..#....PPPPPP.P# #
#....# #.#####..PP....P...# #
#..#.# #.# #.P....P.P...P. ##
#..#.# #.####...P.##'#P....
.####....# #..)...PP..#.)#...P.
.........#####.###.OP...#>.#P.P..
.###........##.# ##(.PPP####.PP..
## #.....##.##.# #{..P.P.PPP.P..
#...........# ##.Po..O.P.PP..


You could see an orc warrior and a friendly quasit.

Vanquished Creatures
  A two-headed ogre (D:8)
  A cyclops (D:9)
  Joseph (D:8)
  A troll (D:10)
  4 flying skulls (D:9)
  2 wraiths
  3 shadows
  A wyvern (D:9)
  2 porcupines (D:10)
  4 orc warriors (D:10)
  An ice beast (D:6)
  3 sky beasts
  2 black bears
  5 ogres
  2 phantoms
  A centaur (D:6)
  2 crocodiles (D:10)
  3 bullfrogs
  A gnoll sergeant (D:10)
  A water moccasin skeleton (D:5)
  A wyvern skeleton (D:9)
  4 scorpions
  4 killer bees (D:8)
  6 wights
  6 howler monkeys
  6 crimson imps
  A centaur zombie (D:9)
  A human zombie (Ossuary)
  A quasit (D:8)
  5 jellies
  9 hounds
  3 bullfrog skeletons
  2 orc priests
  Crazy Yiuf (D:7)
  A centaur skeleton (D:8)
  3 iguanas
  6 orc wizards
  5 worker ants
  A killer bee zombie (D:10)
  A big kobold zombie (Ossuary)
  A hound zombie (D:7)
  3 hound skeletons
  3 mummies (Ossuary)
  3 worker ant zombies
  Robin (D:4)
  A howler monkey skeleton (D:8)
  3 gnolls (D:8)
  17 adders
  4 shadow imps
  7 oozes
  2 adder zombies
  2 adder skeletons
  9 worms
  3 dart slugs (D:2)
  6 leopard geckos
  39 orcs
  A ball python (D:3)
  7 giant cockroaches
  2 gnoll zombies (Ossuary)
  15 goblins
  10 hobgoblins
  2 jackals (D:2)
  7 quokkas
  10 bats
  4 frilled lizards (D:2)
  A goblin zombie (D:6)
  A jackal skeleton (D:4)
  8 kobolds
  2 kobold zombies (Ossuary)
  2 leopard gecko skeletons (D:4)
  A leopard gecko zombie (D:9)
  2 orc zombies (Ossuary)
  A quokka skeleton (D:9)
  3 quokka zombies
  10 rats
  A rat zombie (D:6)
  A spectral orc (D:7)
  A fungus (D:7)
304 creatures vanquished.

Vanquished Creatures (collateral kills)
  Josephine (D:8)
  Sigmund (D:4)
  A shadow (D:8)
  A phantom (D:4)
  2 sky beasts
  A centaur (D:4)
  A bullfrog (D:6)
  A wyvern zombie (D:6)
  2 howler monkeys
  A crimson imp (D:6)
  2 orc priests
  A hound (D:4)
  An orc wizard (D:4)
  A worker ant (D:6)
  A hound skeleton (D:9)
  An adder (D:4)
  A shadow imp (D:6)
  A leopard gecko (D:4)
  2 orcs (D:3)
  A ball python (D:3)
  4 goblins (D:4)
  2 hobgoblins
30 creatures vanquished.

Vanquished Creatures (others)
  3 fungi (D:10)
  A plant (D:10)
4 creatures vanquished.

Grand Total: 338 creatures vanquished

Notes
Turn   | Place    | Note
-------+----------+-------------------------------------------
     0 | D:1      | Heliosone the Demonspawn Gladiator began the quest for the
                  | Orb.
     0 | D:1      | Reached XP level 1. HP: 16/16 MP: 1/1
   242 | D:1      | Reached skill level 1 in Armour
   242 | D:1      | Gained mutation: A weak demonic guardian rushes to your
                  | aid. [demonic ancestry]
   242 | D:1      | Reached XP level 2. HP: 23/23 MP: 2/2
  1009 | D:2      | Reached XP level 3. HP: 28/28 MP: 3/3
  1263 | D:2      | Reached skill level 3 in Fighting
  1425 | D:2      | Gained mutation: When hurt, damage is shared between your
                  | health and your magic reserves. [demonic ancestry]
  1425 | D:2      | Reached XP level 4. HP: 29/35 MP: 4/4
  2225 | D:2      | Found a bloodstained altar of Trog.
  2721 | D:2      | Reached skill level 4 in Fighting
  2721 | D:2      | Gained mutation: You regenerate magic rapidly. [demonic
                  | ancestry]
  2721 | D:2      | Reached XP level 5. HP: 34/42 MP: 5/5
  3959 | D:3      | Found a hide-covered altar of Uskayaw.
  4306 | D:3      | Found a shadowy altar of Dithmenos.
  4480 | D:4      | Reached XP level 6. HP: 46/49 MP: 6/6
  4700 | D:4      | Found a staircase to the Ecumenical Temple.
  4728 | Temple   | Entered the Ecumenical Temple
  4843 | Temple   | Became a worshipper of Gozag Ym Sagoz the Greedy
  4864 | D:4      | Found a sparkling altar of Nemelex Xobeh.
  4880 | D:4      | Noticed Robin
  5209 | D:4      | Killed Robin
  5209 | D:4      | Reached skill level 5 in Fighting
  5390 | D:4      | Gained mutation: You are partially covered in rugged brown
                  | scales. (AC +1, +3% HP) [demonic ancestry]
  5390 | D:4      | Reached XP level 7. HP: 31/57 MP: 5/7
  5744 | D:4      | Noticed Sigmund
  5750 | D:4      | Killed Sigmund
  5750 | D:4      | Reached skill level 6 in Fighting
  5750 | D:4      | Reached skill level 5 in Armour
  5767 | D:4      | Found a glowing golden altar of the Shining One.
  5950 | D:4      | Found a shattered altar of Ashenzari.
  6220 | D:5      | Entered Level 5 of the Dungeon
  6410 | D:5      | Gained mutation: You have a pair of small antennae on your
                  | head. [demonic ancestry]
  6410 | D:5      | Reached XP level 8. HP: 66/66 MP: 8/8
  6577 | D:5      | Found a transporter.
  6617 | D:5      | Found a transporter.
  6636 | D:5      | Reached skill level 7 in Fighting
  6950 | D:5      | Found a glowing silver altar of Zin.
  7763 | D:6      | Reached skill level 8 in Fighting
  7843 | D:6      | Found a snail-covered altar of Cheibriados.
  7872 | D:6      | Found a sand-covered staircase.
  7879 | Ossuary  | Entered an ossuary
  8629 | D:6      | Found a shimmering altar of Xom.
  9035 | D:7      | Gained mutation: You are mostly covered in rugged brown
                  | scales. (AC +2, +5% HP) [demonic ancestry]
  9035 | D:7      | Reached XP level 9. HP: 68/78 MP: 9/9
  9483 | D:7      | Found a glowing silver altar of Zin.
  9484 | D:7      | Noticed an angel
 10098 | D:7      | Reached skill level 9 in Fighting
 10491 | D:7      | Found a basalt altar of Yredelemnul.
 10687 | D:7      | Found a runed translucent door.
 10687 | D:7      | Noticed Crazy Yiuf
 10693 | D:7      | Paralysed by Crazy Yiuf for 3 turns
 10805 | D:7      | Killed Crazy Yiuf
 10994 | D:8      | Noticed a two-headed ogre
 11307 | D:8      | Found a blossoming altar of Fedhas.
 11442 | D:8      | Killed a two-headed ogre
 11442 | D:8      | Reached skill level 5 in Dodging
 11530 | D:8      | Noticed Joseph
 11547 | D:8      | Killed Joseph
 11603 | D:8      | Reached XP level 10. HP: 84/88 MP: 10/10
 12361 | D:9      | Noticed a cyclops
 12904 | D:9      | Reached skill level 10 in Fighting
 13653 | D:9      | Got a scorched short sword
 13658 | D:9      | Identified the +4 short sword "Cappyn" {flame, Dex+5} (You
                  | found it on level 9 of the Dungeon)
 13691 | D:9      | Found a snail-covered altar of Cheibriados.
 14374 | D:9      | Killed a cyclops
 14455 | D:9      | Noticed a skeletal warrior
 14634 | D:9      | Noticed Josephine
 14658 | D:8      | Killed Josephine
 15618 | D:10     | Entered Level 10 of the Dungeon
 15745 | D:10     | Reached skill level 11 in Fighting
 15830 | D:10     | Gained mutation: You have a pair of antennae on your head.
                  | [demonic ancestry]
 15830 | D:10     | Reached XP level 11. HP: 97/97 MP: 11/11
 15919 | D:10     | Reached skill level 10 in Armour
 16789 | D:10     | Found a staircase to the Lair.
 17343 | D:10     | Found a staircase to the Orcish Mines.
 17394 | D:10     | Slain by an ogre

Skill      XL: |  1  2  3  4  5  6  7  8  9 10 11 |
---------------+----------------------------------+-----
Armour         | 1 2 3 4 5 7 8 9 10 | 10.1
Fighting       | 3 4 5 6 8 9 11 | 11.2
Dodging        | 3 5 7 |  7.6
Polearms       | |  2.6
Throwing       | |  1.7

Action                   |  1- 3 |  4- 6 |  7- 9 | 10-12 || total
-------------------------+-------+-------+-------+-------++-------
Melee: Trident           |   141 |   344 |   546 |       ||  1031
       Quarterstaff      |       |       |    82 |   394 ||   476
       Short sword       |       |       |       |    70 ||    70
Throw: Dart              |       |     8 |    24 |     2 ||    34
       Throwing net      |       |       |     3 |       ||     3
 Stab: Sleeping          |     1 |     1 |       |       ||     2
       Distracted        |       |       |     4 |     3 ||     7
       Petrified         |       |       |     1 |     4 ||     5
       Held in net/web   |       |       |     1 |       ||     1
       Paralysed         |       |       |       |     8 ||     8
       Petrifying        |       |       |       |     1 ||     1
  Eat: Chunk             |     2 |    12 |       |       ||    14
       Ration            |       |       |     6 |     6 ||    12
Armor: Leather armour    |    34 |    54 |       |       ||    88
       Scale mail        |       |    60 |   265 |   204 ||   529
Dodge: Dodged            |    99 |   173 |   340 |   309 ||   921
